 Dungeon Crawl Stone Soup version 0.23.1 (webtiles) character file.

Game seed: 14508683413613758709

456 vishdafish the Slasher (level 6, -2/51 HPs)
             Began as a Demonspawn Fighter on Mar 17, 2019.
             Slain by a killer bee (6 damage)
             ... on level 2 of the Dungeon.
             The game lasted 00:04:20 (3438 turns).

vishdafish the Slasher (Demonspawn Fighter)         Turns: 3438, Time: 00:04:21

Health: -2/51      AC: 11    Str: 18    XL:     6   Next: 77%
Magic:  6/6        EV: 12    Int:  9    God:
Gold:   132        SH:  9    Dex: 18    Spells: 5/5 levels left

rFire    . . .     SeeInvis .   a - +0 long sword
rCold    . . .     Gourm    .   c - +0 shield
rNeg     . . .     Faith    .   b - +0 scale mail
rPois    .         Spirit   .   (no helmet)
rElec    .         Reflect  .   (no cloak)
rCorr    .         Harm     .   s - +2 pair of gloves
MR       +....     Rnd*Tele +   (no boots)
Stlth    +.........             (no amulet)
HPRegen  0.17/turn              j - ring of protection from magic
MPRegen  0.10/turn              q - ring of teleportation (curse)

@: agile, lethally poisoned (-2 -> -4)
A: slimy green scales 1
a: no special abilities


You were on level 2 of the Dungeon.
You were not hungry.

You visited 1 branch of the dungeon, and saw 3 of its levels.

You collected 132 gold pieces.

Inventory:

Hand Weapons
 a - a +0 long sword (weapon)
Missiles
 n - 4 javelins (quivered)
 o - 7 curare-tipped needles
Armour
 b - a +0 scale mail (worn)
 c - a +0 shield (worn)
 s - a +2 pair of gloves (worn)
Jewellery
 j - a ring of protection from magic (left hand)
 q - a cursed ring of teleportation (right hand)
Scrolls
 d - 4 scrolls of identify
 g - a scroll of magic mapping
 k - a scroll of amnesia
 m - a scroll of teleportation {unknown}
 p - a scroll of blinking {unknown}
 w - a scroll of enchant armour {unknown}
 x - a scroll of remove curse {unknown}
Potions
 i - a potion of heal wounds {unknown}
 l - a potion of brilliance
 r - a potion of curing {unknown}
 t - a potion of degeneration {unknown}
 u - a potion of lignification {unknown}
 v - a potion of flight {unknown}
Comestibles
 f - 6 rations
 z - 4 chunks of flesh


   Skills:
 + Level 5.0 Fighting
 * Level 5.1 Long Blades
 - Level 3.0 Armour
 - Level 0.3 Dodging
 - Level 3.0 Shields


You had 5 spell levels left.
You didn't know any spells.
Your spell library was empty.

Dungeon Overview and Level Annotations

Branches:
Dungeon (3/15)

Altars:
Elyvilon
Hepliaklqana
Nemelex Xobeh


Innate Abilities, Weirdness & Mutations

You are partially covered in slimy green scales. (AC +2)


Message History

You feel sick. You block the killer bee's attack.
The gnoll hits you from afar with a +0 spear.
* * * LOW HITPOINT WARNING * * *
The killer bee stings you.
* * * LOW HITPOINT WARNING * * *
You climb upwards.
You feel sick.
There is a stone staircase leading down here.
It was a potion of brilliance.
You feel clever all of a sudden.
The killer bee stings you but does no damage.
You block the killer bee's attack.
It was a potion of cancellation.
Your magical effects are unravelling.
You feel magically purged.
You feel a little less clever now.
You feel sick. The killer bee barely misses you.
You riposte.
You miss the killer bee. You block the killer bee's attack.
You feel agile all of a sudden. The killer bee stings you.
You die...

###### #######
#....#############.....#####
#....'.........@.+.....+...##
#....##########y##.....###..####
#.....<..######.................
###..).).........#........#.####
####....#.........#........#..#
.(......#.#.......#........##.##
#####)..#.#.......#........##..#
#####...#.#.......#........###.##
#.......#.##'######........# #..#


You could see a killer bee.

Vanquished Creatures
  Sigmund (D:2)
  2 orc wizards (D:3)
  Jessica (D:2)
  Robin (D:2)
  5 adders
  6 gnolls
  An ooze (D:1)
  A worm (D:2)
  A dart slug (D:1)
  8 orcs (D:3)
  6 ball pythons
  2 giant cockroaches
  19 goblins
  9 hobgoblins
  9 kobolds
  2 quokkas (D:2)
  3 bats
  7 frilled lizards
  A rat (D:1)
85 creatures vanquished.

Notes
Turn   | Place    | Note
-------+----------+-------------------------------------------
     0 | D:1      | vishdafish the Demonspawn Fighter began the quest for the
                  | Orb.
     0 | D:1      | Reached XP level 1. HP: 18/18 MP: 1/1
   589 | D:1      | Gained mutation: You are partially covered in slimy green
                  | scales. (AC +2) [demonic ancestry]
   589 | D:1      | Reached XP level 2. HP: 24/24 MP: 2/2
   744 | D:1      | Reached XP level 3. HP: 15/29 MP: 3/3
  1205 | D:2      | Noticed Robin
  1216 | D:2      | Killed Robin
  1261 | D:2      | Reached XP level 4. HP: 15/36 MP: 4/4
  1620 | D:2      | Noticed Sigmund
  1628 | D:2      | Killed Sigmund
  1628 | D:2      | Reached XP level 5. HP: 3/43 MP: 5/5
  2140 | D:1      | Reached XP level 6. HP: 27/49 MP: 6/6
  2385 | D:2      | Found a white marble altar of Elyvilon.
  2389 | D:2      | Found a hazy altar of Hepliaklqana.
  2394 | D:2      | Found a sparkling altar of Nemelex Xobeh.
  2567 | D:2      | Noticed Jessica
  2573 | D:2      | Killed Jessica
  3204 | D:3      | Reached skill level 5 in Long Blades
  3219 | D:3      | Reached skill level 5 in Fighting
  3438 | D:2      | Slain by a killer bee

Skill      XL: |  1  2  3  4  5  6 |
---------------+-------------------+-----
Armour         | 3 |  3.0
Shields        | 3 |  3.0
Long Blades    | 2 4 5 |  5.1
Fighting       | 4 5 |  5.0
Dodging        | |  0.3

Action                   |  1- 3 |  4- 6 || total
-------------------------+-------+-------++-------
Melee: Long sword        |   126 |   145 ||   271
  Use: Potion            |       |     5 ||     5
       Scroll            |       |     2 ||     2
  Eat: Chunk             |     1 |     4 ||     5
       Ration            |       |     1 ||     1
Armor: Scale mail        |    59 |   105 ||   164
Dodge: Dodged            |    56 |    61 ||   117
Block: Shield            |    89 |    93 ||   182
       Rpst.: Long sword |    16 |    22 ||    38
